 Dungeon Crawl Stone Soup version 0.19-a0-599-g723c685 (webtiles) character file.

24021 pk666 the Cleaver (level 12, -15/103 HPs)
             Began as a Minotaur Berserker on June 11, 2016.
             Was a High Priest of Trog.
             Killed from afar by a starcursed mass (17 damage)
             ... with an accursed screaming
             ... on level 3 of the Abyss.
             The game lasted 00:39:29 (14950 turns).

pk666 the Cleaver (Minotaur Berserker)             Turns: 14950, Time: 00:39:31

Health: -15/103    AC: 10    Str: 26    XL:     12   Next: 77%
Magic:  3/3        EV: 16    Int: -1 (4) God:    Trog [*****.]
Gold:   817        SH:  0    Dex: 11    Spells: 0 memorised, 11 levels left

rFire  . . .     SeeInvis .     S - +0 executioner's axe (antimagic)
rCold  . . .     Gourm    .     l - +0 scale mail (curse)
rNeg   . . .     Faith    .     (shield currently unavailable)
rPois  .         Spirit   .     (helmet restricted)
rElec  .         Dismiss  .     d - +0 cloak
rCorr  .         Reflect  .     g - +1 pair of gloves
SustAt .         Harm     .     (no boots)
MR     +....                    u - amulet of regeneration
Stlth  ..........               G - ring of protection from magic
                                h - ring of flight

@: slowed, lost intelligence, very slow, somewhat resistant to hostile
enchantments, extremely unstealthy
A: retaliatory headbutt, horns 2, deformed body, frail 1
a: Berserk, Trog's Hand, Brothers in Arms, Burn Spellbooks, Renounce Religion,
Evoke Flight


You were on level 3 of the Abyss.
You worshipped Trog.
Trog was extremely pleased with you.
You were hungry.

You visited 2 branches of the dungeon, and saw 14 of its levels.
You visited the Abyss 1 time.
You also visited: Volcano.

You collected 899 gold pieces.
You spent 82 gold pieces at shops.

Inventory:

Hand Weapons
 F - a +1 battleaxe of distortion
 H - the +5 hand axe of the Evil Eye {freeze, rC++ Str-4}
   (You found it on level 8 of the Dungeon)

   It has been specially enchanted to freeze those struck by it, causing extra
   injury to most foes and up to half again as much damage against particularly
   susceptible opponents.
   It can also slow down cold-blooded creatures.
   It affects your strength (-4).
   It greatly protects you from cold.
 S - a +0 antimagic executioner's axe (weapon)
Armour
 d - a +0 cloak (worn)
 g - a +1 pair of gloves (worn)
 l - a cursed +0 scale mail (worn)
 D - a +0 plate armour
 E - a +0 chain mail
 L - a +2 ring mail of fire resistance
Jewellery
 h - a ring of flight (left hand)
 u - an amulet of regeneration (around neck)
 G - a ring of protection from magic (right hand)
Wands
 v - a wand of slowing (41/48)
 w - a wand of slowing (34/48)
 x - a wand of iceblast (1/15)
 y - a wand of confusion (18/48)
 C - a wand of polymorph (8/24)
 N - a wand of flame (23/48)
 P - a wand of disintegration (24/24)
 Q - a wand of random effects (10/48)
 R - a wand of disintegration (6/24)
 T - a wand of iceblast (10/15)
 U - a wand of slowing (39/48)
Scrolls
 b - 13 scrolls of identify
 f - a scroll of fog
 k - 2 scrolls of enchant weapon
 o - a scroll of recharging
 r - 5 scrolls of teleportation
 t - 4 scrolls of magic mapping {unknown}
Potions
 e - 3 potions of might {unknown}
 i - 3 potions of magic {unknown}
 m - a potion of invisibility {unknown}
 n - a potion of haste {unknown}
 q - 6 potions of curing
 s - a potion of resistance {unknown}
 z - 3 potions of lignification {unknown}
 A - a potion of agility
 B - 3 potions of brilliance {unknown}
 I - 2 potions of degeneration {unknown}
 K - 2 potions of heal wounds
 M - 2 potions of berserk rage {unknown}
 O - 2 potions of flight {unknown}
Comestibles
 a - 5 royal jellies
 c - 8 bread rations
 j - 7 meat rations
 p - 4 beef jerkies
 J - 6 slices of pizza


   Skills:
 + Level 13.0 Fighting
 + Level 13.2 Axes
 + Level 12.8 Armour
 + Level 12.0 Dodging


You had 11 spell levels left.
You didn't know any spells.

Dungeon Overview and Level Annotations

Branches:
Dungeon (11/15)            Temple (0/1) D:6            Lair (3/6) D:11
  Snake (0/4) Lair:2          Orc (0/2) D:9
  Swamp: Lair:2-4    Shoals: Lair:2-4

Altars:
Qazlal
Trog
Uskayaw

Shops:
D:9 ([[!


Innate Abilities, Weirdness & Mutations

You reflexively headbutt those who attack you in melee.
You have a pair of horns on your head.
Armour fits poorly on your strangely shaped body.
You are frail. (-10% HP)


Message History

The sixfirhy hits you but does no damage.
The spatial maelstrom hits you!
* * * LOW HITPOINT WARNING * * *
Space bends around you.
* * * LOW HITPOINT WARNING * * *
The spatial maelstrom barely misses you.
A tentacle flies out from the starspawn's body!
The starcursed mass engulfs you.
* * * LOW HITPOINT WARNING * * *
The starcursed mass closely misses you. You furiously retaliate!
You headbutt the starcursed mass.
The starcursed mass shudders and is absorbed by its neighbour.
A starspawn tentacle comes into view.
The spatial vortex hits you but does no damage.
The spatial maelstrom hits you but does no damage.
The spatial maelstrom hits you.
* * * LOW HITPOINT WARNING * * *
You feel strangely stable.
A cacophony of accursed wailing tears at your sanity!
You die...

###.... ≈≈..# #....≈≈
#.# ##....#≈♣ .
#..X─.# .### ##
##.│..##..# #..
##│...≈...#
##.#######3.. .##....
#.....##X#Xw...≈# ≈
#..v@.4XXX.X...##≈≈≈.
##..vv.XXXX5...≈≈≈≈#.
###..X###### . #≈##
#.#.# # # ≈≈ ..#.. ##
≈≈ #####.. ≈ ##. v#.
.#..


You could see 10 starcursed masses, a tentacled starspawn, a spatial maelstrom,
a spatial vortex, a sixfirhy, a starspawn tentacle, an insubstantial wisp and a
white imp.

Vanquished Creatures
  Fannar (D:11)
  A hydra (Lair:1)
  Urug (D:10)
  3 hill giants
  Pikel (D:5)
  Maurice (D:11)
  5 black mambas
  3 molten gargoyles (Volcano)
  5 spiny frogs
  A gargoyle (Volcano)
  A kobold demonologist (D:11)
  2 rime drakes (Lair:3)
  3 komodo dragons
  5 centaurs
  A queen bee (Lair:3)
  A polar bear (Lair:2)
  A blink frog (Lair:3)
  5 fire elementals (Volcano)
  4 wyverns
  14 yaks
  Grum (D:11)
  Eustachio (D:5)
  12 hippogriffs
  A hungry ghost (D:11)
  A basilisk (Lair:1)
  4 wargs
  Menkaure (D:4)
  4 nagas (Lair:2)
  5 water moccasins
  A porcupine (Lair:1)
  4 orc warriors
  5 ice beasts
  A slave (D:5)
  A sky beast (D:10)
  An eye of draining (D:11)
  2 necrophages
  6 ogres
  6 wolves
  A crocodile (Lair:3)
  Blork the orc (D:4)
  8 giant frogs
  6 scorpions
  22 killer bees (Lair:3)
  An electric eel (D:11)
  5 crimson imps
  3 giant frog zombies
  2 hounds (D:4)
  A centaur skeleton (D:9)
  12 orc priests
  4 jellies
  7 orc wizards
  A giant frog skeleton (D:11)
  5 iguanas
  5 hell rats (Lair:3)
  5 worker ants
  8 sheep (Lair:3)
  A hound zombie (D:11)
  2 hound skeletons
  A worker ant zombie (D:10)
  7 gnolls
  2 howler monkey skeletons
  14 adders
  4 shadow imps
  An adder zombie (D:6)
  An adder skeleton (D:9)
  6 worms
  7 giant geckos
  27 orcs
  5 giant cockroaches
  9 goblins
  6 hobgoblins
  3 jackals (D:9)
  5 kobolds (D:1)
  5 quokkas
  A ball python skeleton (D:4)
  5 bats
  2 giant gecko skeletons
  3 giant newts
  5 rats
  A fire vortex (Volcano)
  A plant (Lair:3)
337 creatures vanquished.

Vanquished Creatures (others)
  2 slaves (D:5)
  2 killer bees (Lair:3)
  A fire vortex (Volcano)
  A plant (Lair:3)
  16 starspawn tentacles (Abyss:3)
  497 starspawn tentacle segments (Abyss:3)
519 creatures vanquished.

Grand Total: 856 creatures vanquished

Notes
Turn   | Place    | Note
--------------------------------------------------------------
     0 | D:1      | pk666 the Minotaur Berserker began the quest for the Orb.
     0 | D:1      | Reached XP level 1. HP: 19/19 MP: 0/0
   577 | D:1      | Reached XP level 2. HP: 27/27 MP: 1/1
  1141 | D:2      | Reached ** piety under Trog
  1210 | D:2      | Reached XP level 3. HP: 21/33 MP: 2/2
  2245 | D:3      | Noticed a giant frog
  2250 | D:3      | Killed a giant frog
  2250 | D:3      | Reached XP level 4. HP: 35/41 MP: 3/3
  2263 | D:3      | Reached XP level 5. HP: 38/47 MP: 4/4
  2279 | D:3      | Reached skill level 5 in Axes
  2867 | D:4      | Reached XP level 6. HP: 48/55 MP: 5/5
  2872 | D:4      | Reached skill level 5 in Fighting
  3166 | D:4      | Reached skill level 5 in Armour
  3171 | D:4      | Noticed Blork the orc
  3182 | D:4      | Killed Blork the orc
  3316 | D:4      | Reached *** piety under Trog
  3463 | D:4      | Reached XP level 7. HP: 37/61 MP: 6/6
  3766 | D:4      | Noticed Menkaure
  3771 | D:4      | Killed Menkaure
  3845 | D:5      | Entered Level 5 of the Dungeon
  3908 | D:5      | Reached skill level 5 in Dodging
  4054 | D:5      | Noticed Pikel
  4065 | D:5      | Killed Pikel
  4065 | D:5      | Reached XP level 8. HP: 45/71 MP: 7/7
  4418 | D:5      | Noticed Eustachio
  4442 | D:5      | Killed Eustachio
  4853 | D:5      | Noticed a centaur
  4863 | D:5      | Killed a centaur
  5064 | D:6      | Found a staircase to the Ecumenical Temple.
  5190 | D:6      | Reached XP level 9. HP: 73/80 MP: 8/8
  5761 | D:7      | Found a hide-covered altar of Uskayaw.
  5762 | D:7      | Found a stormy altar of Qazlal.
  5793 | D:7      | Reached **** piety under Trog
  6269 | D:8      | Got a steaming hand axe
  6270 | D:8      | Identified the +5 hand axe of the Evil Eye {freeze, rC++ Str-4} (You found it on level 8 of the Dungeon)
  6574 | D:8      | You fall through a shaft for 3 floors!
  6574 | D:11     | Found a staircase to the Lair.
  6588 | D:11     | Noticed Fannar
  6617 | D:11     | Noticed a komodo dragon
  6622 | D:10     | Entered Level 10 of the Dungeon
  6841 | D:9      | Reached ***** piety under Trog
  6862 | D:9      | Found a staircase to the Orcish Mines.
  6865 | D:9      | Found Dahyseaf's Antique Weapon Boutique.
  7386 | D:9      | Found Vyecaik's Antique Armour Shop.
  7387 | D:9      | Noticed a hill giant
  7398 | D:9      | Killed a hill giant
  7398 | D:9      | Reached XP level 10. HP: 47/91 MP: 9/9
  7553 | D:9      | Received a gift from Trog
  7866 | D:9      | Reached skill level 10 in Fighting
  7866 | D:9      | Reached skill level 10 in Axes
  8176 | D:9      | Reached skill level 10 in Armour
  8433 | D:9      | Found Ukhlups's Antique Armour Emporium.
  8511 | D:9      | Found Maposank's Distillery.
  8519 | D:9      | Bought a potion of mutation for 27 gold pieces
  8519 | D:9      | Bought a potion of heal wounds for 55 gold pieces
  8759 | D:10     | Noticed Urug
  8766 | D:10     | Killed Urug
  9207 | D:11     | Killed Fannar
  9207 | D:11     | Reached XP level 11. HP: 89/101 MP: 10/10
  9420 | D:11     | Noticed Maurice
  9421 | D:11     | Noticed a hill giant
  9431 | D:11     | Killed a hill giant
  9434 | D:11     | Killed Maurice
  9436 | D:11     | Reached skill level 10 in Dodging
  9941 | D:11     | Noticed Grum
  9957 | D:11     | Killed Grum
 10178 | D:11     | Noticed a hill giant
 10186 | D:11     | Killed a hill giant
 10187 | D:11     | Received a gift from Trog
 10522 | Lair:1   | Entered Level 1 of the Lair of Beasts
 11143 | Lair:1   | Found a dark tunnel.
 11152 | Volcano  | Entered a volcano
 11995 | Volcano  | Noticed a lindwurm
 12365 | Lair:1   | Reached XP level 12. HP: 112/112 MP: 11/11
 12460 | Lair:1   | Noticed a seven-headed hydra
 12468 | Lair:1   | Killed a ten-headed hydra
 13280 | Lair:2   | Found a staircase to the Snake Pit.
 13445 | Lair:2   | Found a bloodstained altar of Trog.
 13923 | Lair:3   | Received a gift from Trog
 14724 | Lair:3   | Received a gift from Trog
 14735 | Lair:3   | Cast into level 3 of the Abyss (a distortion unwield)
 14756 | Abyss:3  | Noticed a purple very ugly thing
 14756 | Abyss:3  | Noticed a purple very ugly thing
 14850 | Abyss:3  | Noticed a tentacled starspawn
 14867 | Abyss:3  | Noticed a starcursed mass
 14911 | Abyss:3  | Gained mutation: You are frail. (-10% HP) [a neqoxec]
 14934 | Abyss:3  | Noticed a starcursed mass
 14940 | Abyss:3  | Gained mutation: Armour fits poorly on your strangely shaped body. [a neqoxec]
 14945 | Abyss:3  | Lost intelligence.
 14950 | Abyss:3  | HP: 2/103 [spatial maelstrom (5)]
 14950 | Abyss:3  | Killed from afar by a starcursed mass

Vault maps used:
D:1:      dpeg_arrival_arbitrary_b
D:3:      first_bread, minmay_tree_intersection, minmay_bisected
D:4:      kennysheep_potato, uniq_menkaure, uniq_blork_the_orc
D:5:      minmay_misc_feat_secret_circle, uniq_pikel, uniq_eustachio
D:6:      minmay_temple_entry_overgrown
D:7:      grunt_temple_overflow_open
D:8:      grunt_pizzeria
D:9:      erik_orc_4, serial_shops, nicolae_shop_trees, shop, shop,
          nicolae_shop_crystal
D:10:     uniq_urug
D:11:     erik_lair_orcish_takeover, kennysheep_generic_room_2, uniq_maurice,
          uniq_fannar, uniq_grum
Lair:1:   nicolae_volcano_entry_two_sided
Lair:2:   guppyfry_snake_entry_island, basic_altar, cheibrodos_lair_reptile_den
Lair:3:   regret_index_tunnel_blossom
Abyss:3:  evilmike_abyss_exit_5
Volcano:  volcano_aerie

Skill      XL: |  1  2  3  4  5  6  7  8  9 10 11 12 |
---------------+-------------------------------------+-----
Axes           | 4 5 7 8 9 10 12 13 | 13.2
Armour         | 3 4 5 6 7 9 10 11 12 | 12.8
Fighting       | 4 5 6 7 9 10 12 13 | 13.0
Dodging        | 3 4 5 6 8 9 11 12 | 12.0

Action                   |  1- 3 |  4- 6 |  7- 9 | 10-12 || total
-------------------------+-------+-------+-------+-------++-------
Melee: Hand axe          |    77 |    93 |   280 |   520 ||   970
       Headbutt          |    11 |    23 |    64 |   134 ||   232
       Unarmed           |       |       |     1 |       ||     1
       War axe           |       |       |     9 |       ||     9
       Battleaxe         |       |       |       |    99 ||    99
       Executioner's axe |       |       |       |     8 ||     8
Invok: Berserk           |       |     1 |     3 |    12 ||    16
       Burn Spellbooks   |       |       |     3 |     2 ||     5
  Use: Scroll            |       |       |     8 |     9 ||    17
       Potion            |       |       |     1 |     2 ||     3
  Eat: Chunk             |     3 |     6 |    13 |    30 ||    52
       Fruit             |       |       |     2 |     2 ||     4
       Pizza             |       |       |     1 |     3 ||     4
Armor: Ring mail         |    21 |       |       |    52 ||    73
       Animal skin       |     2 |       |       |       ||     2
       Scale mail        |     1 |    35 |     6 |    61 ||   103
       Chain mail        |       |       |   145 |   104 ||   249
Dodge: Dodged            |    54 |    41 |   150 |   405 ||   650
